Calgary Flames vs Chicago Black Hawks
(R2)
Created - Monday, December 4, 2023 at 07:37
Goals
|
| Calgary Flames |
0 |
0 |
2 |
2 |
| Chicago Black Hawks |
2 |
0 |
1 |
3 |
|
Shots
|
| Calgary Flames |
7 |
13 |
9 |
29 |
| Chicago Black Hawks |
12 |
12 |
6 |
30 |
|
1st period
1. Chicago Black Hawks , Cole Perfetti 10 (Frederick Gaudreau 12, Travis Sanheim 18) at 3:18
2. Chicago Black Hawks , Cole Perfetti 11 (Travis Sanheim 19, Patrice Bergeron 42) at 16:42
Penalties :
Jeremy Lauzon (CGY) for Holding (Minor) at 3:56, Christopher Tanev (CHI) for Delaying the game (Minor) at 9:39, Kevin Fiala (CHI) for Holding Stick (Minor) at 13:53, Kris Letang (CGY) for Holding (Minor) at 17:58
2nd period
No Goal
Penalties :
Bo Horvat (CHI) for Holding (Minor) at 7:03, Rafael Harvey-Pinard (CGY) for Hooking (Minor) at 14:55, Jeff Petry (CGY) for Hooking (Minor) at 15:18
3rd period
3. Calgary Flames , Logan Couture 22 (Timo Meier 37) at 6:36
4. Calgary Flames , Matthew Tkachuk 33 (J.T. Miller 40, Valeri Nichushkin 37) at 15:54 (PP)
5. Chicago Black Hawks , Frederick Gaudreau 10 (Cole Perfetti 12, Morgan Rielly 22) at 19:03
Penalties :
Matthew Tkachuk (CGY) for Cross-checking (Minor) at 0:54, Travis Sanheim (CHI) for Cross-checking (Minor) at 15:40
Goalie Stats
Samuel Montembeault (CGY), 27 saves from 30 shots - (0.900), L, 24-18-5, 59:27 minutes
Thatcher Demko (CHI), 27 saves from 29 shots - (0.931), W, 31-17-6, 60:00 minutes
Players Stats for Calgary Flames
Player Name G A P +/- PIM S H SB GA TA FO MP PP MP PK MP
------------------------------------------------------------------------------------
Drew Doughty 0 0 0 -1 0 1 0 2 0 0 0/0 23:25 3:04 4:15
J.T. Miller 0 1 1 0 0 2 1 0 1 0 6/17 16:54 3:05 1:02
Jacob Peterson 0 0 0 0 0 4 0 0 0 0 0/0 7:07 0:00 0:00
Jeff Petry 0 0 0 -1 2 1 1 1 0 0 0/0 22:20 3:07 3:51
Jeremy Lauzon 0 0 0 0 2 0 2 2 0 0 0/0 14:57 0:00 0:00
Joel Eriksson Ek 0 0 0 -2 0 2 3 0 0 1 3/5 16:49 0:01 3:18
Kris Letang 0 0 0 -1 2 1 1 0 0 0 0/0 21:35 3:04 2:24
Logan Couture 1 0 1 0 0 2 1 0 0 0 1/9 12:03 0:00 0:00
Mathieu Joseph 0 0 0 0 0 0 0 1 0 0 0/0 11:23 0:01 3:28
Matthew Tkachuk 1 0 1 0 2 5 3 0 0 0 1/1 16:29 3:05 0:00
Michael Anderson 0 0 0 0 0 2 2 1 0 1 0/0 19:05 0:00 5:13
Nic Dowd 0 0 0 0 0 0 1 1 0 0 1/3 11:00 0:01 3:05
Rafael Harvey-Pinard 0 0 0 0 2 2 2 1 0 0 0/0 15:57 0:00 3:08
Rasmus Andersson 0 0 0 -1 0 0 1 1 0 0 0/0 19:35 3:07 0:54
Sebastian Aho 0 0 0 -2 0 0 1 0 0 0 4/10 16:43 3:05 0:54
Timo Meier 0 1 1 0 0 3 0 0 1 0 0/0 14:44 3:05 0:00
Valeri Nichushkin 0 1 1 0 0 1 0 1 0 0 1/2 15:03 3:05 0:07
Zach Hyman 0 0 0 -2 0 3 0 0 1 0 0/0 14:51 3:05 0:00
Players Stats for Chicago Black Hawks
Player Name G A P +/- PIM S H SB GA TA FO MP PP MP PK MP
------------------------------------------------------------------------------------
Barrett Hayton 0 0 0 -1 0 5 1 0 0 0 0/0 15:53 4:03 0:00
Bo Horvat 0 0 0 -1 2 2 1 0 1 0 8/11 17:10 4:16 0:14
Brent Burns 0 0 0 0 0 1 2 1 0 0 0/0 23:55 4:20 2:41
Cal Clutterbuck 0 0 0 0 0 1 2 0 0 0 0/0 14:35 0:00 3:06
Christopher Tanev 0 0 0 1 2 0 3 1 0 0 0/0 15:54 0:00 1:49
Cole Perfetti 2 1 3 3 0 6 0 0 0 0 0/0 9:00 0:00 0:00
Devon Toews 0 0 0 1 0 0 0 0 0 0 0/0 16:11 0:00 0:32
Frederick Gaudreau 1 1 2 3 0 4 0 1 0 0 2/6 17:03 4:03 3:04
Jaden Schwartz 0 0 0 -1 0 0 3 0 0 0 1/1 11:50 0:00 0:11
Kevin Fiala 0 0 0 0 2 2 2 0 1 0 1/1 16:30 4:16 0:00
Michael Rasmussen 0 0 0 0 0 1 2 1 0 0 1/1 15:26 0:00 2:48
Morgan Frost 0 0 0 0 0 2 1 0 0 0 5/8 11:23 0:00 0:00
Morgan Rielly 0 1 1 1 0 0 0 2 0 0 0/0 22:13 3:59 3:30
Patrice Bergeron 0 1 1 0 0 3 0 0 0 0 10/16 19:17 4:03 2:48
Seth Jones 0 0 0 0 0 3 3 0 0 1 0/0 23:34 4:20 3:06
Shane Pinto 0 0 0 3 0 0 0 0 0 0 0/0 9:11 0:00 0:11
Travis Sanheim 0 2 2 1 2 0 0 3 0 1 0/0 18:17 3:59 0:44
Vincent Trocheck 0 0 0 0 0 0 5 0 0 1 2/3 16:23 4:16 0:00
3 Stars
1 - Cole Perfetti (CHI)
2 - Frederick Gaudreau (CHI)
3 - Travis Sanheim (CHI)
Power Play
Calgary Flames - 1 on 4 Attempt(s) - 25.00%
Chicago Black Hawks - 0 on 5 Attempt(s) - 0.00%
Penalty Kill
Calgary Flames - 5 on 5 Attempt(s) - 100.00%
- Score 0 goal in Penalty Kill
Chicago Black Hawks - 3 on 4 Attempt(s) - 75.00%
- Score 0 goal in Penalty Kill
Team Stat
Calgary Flames - Hits : 19 - Faceoff Wins : 17 - Blocked Shots : 11 - Penalty Minutes : 10
Chicago Black Hawks - Hits : 25 - Faceoff Wins : 30 - Blocked Shots : 9 - Penalty Minutes : 8
Official
Referees : Greg Kimmerly and Kendrick Nicholson
Linesman : Devin Berg and Mark Wheler
Game Notes
No Game Note
Finance
Level 1 -- Attendance: 5108 (85.13%) -- Ticket Income $510,800
Level 2 -- Attendance: 3969 (79.38%) -- Ticket Income $238,140
Level 3 -- Attendance: 2150 (71.67%) -- Ticket Income $75,250
Level 4 -- Attendance: 3506 (70.12%) -- Ticket Income $87,650
Luxury Box -- Attendance: 770 (77.00%) -- Ticket Income $154,000
Game was played at the United Center.
Total Attendance: 15503 (77.52%)
Total Ticket Income: $1,065,840
Other Income: $373,044
Total Income: $1,438,884
Calgary Flames
5 vs 5 Forward
Center Left Wing Right Wing Time % Phy DF OF
1 J.T. Miller Matthew Tkachuk Valeri Nichushkin 31 1 2 2
2 Sebastian Aho Zach Hyman Joel Eriksson Ek 30 1 2 2
3 Logan Couture Rafael Harvey-Pinard Timo Meier 29 1 2 2
4 Nic Dowd Jacob Peterson Mathieu Joseph 10 1 2 2
5 vs 5 Defense
Defense Defense Time % Phy DF OF
1 Kris Letang Drew Doughty 35 1 2 2
2 Jeff Petry Rasmus Andersson 35 1 2 2
3 Michael Anderson Jeremy Lauzon 30 1 2 2
4 Kris Letang Drew Doughty 0 1 2 2
PowerPlay Forward
Center Left Wing Right Wing Time % Phy DF OF
1 J.T. Miller Matthew Tkachuk Valeri Nichushkin 50 0 0 5
2 Sebastian Aho Zach Hyman Timo Meier 50 0 0 5
PowerPlay Defense
Defense Defense Time % Phy DF OF
1 Kris Letang Drew Doughty 50 0 2 3
2 Jeff Petry Rasmus Andersson 50 0 2 3
Penalty Kill 4 Players Forward
Center Wing Time % Phy DF OF
1 Joel Eriksson Ek Rafael Harvey-Pinard 50 0 5 0
2 Nic Dowd Mathieu Joseph 50 0 5 0
Penalty Kill 4 Players Defense
Defense Defense Time % Phy DF OF
1 Kris Letang Drew Doughty 50 0 5 0
2 Jeff Petry Michael Anderson 50 0 5 0
Penalty Kill - 3 Players Forward
Forward Time % Phy DF OF
1 J.T. Miller 50 0 5 0
2 Sebastian Aho 50 0 5 0
Penalty Kill - 3 Players Defense
Defense Defense Time % Phy DF OF
1 Kris Letang Drew Doughty 50 0 5 0
2 Jeff Petry Michael Anderson 50 0 5 0
4 vs 4 Forward
Center Wing Time % Phy DF OF
1 J.T. Miller Matthew Tkachuk 50 1 2 2
2 Sebastian Aho Logan Couture 50 1 2 2
4 vs 4 Defense
Defense Defense Time % Phy DF OF
1 Kris Letang Drew Doughty 50 1 2 2
2 Jeff Petry Rasmus Andersson 50 1 2 2
Last Minutes Offensive
Center Left Wing Right Wing Defense Defense
J.T. Miller Matthew Tkachuk Sebastian Aho Kris Letang Drew Doughty
Last Minutes Defensive
Center Left Wing Right Wing Defense Defense
J.T. Miller Sebastian Aho Valeri Nichushkin Kris Letang Drew Doughty
Goaltenders
Starting : Samuel Montembeault
Backup : Ilya Sorokin
Extra Forwards
Normal : Nic Dowd, Joel Eriksson Ek, Mathieu Joseph - PP : Nic Dowd, Joel Eriksson Ek - PK : Mathieu Joseph
Extra Defensemen
Normal : Rasmus Andersson, Michael Anderson, Jeff Petry - PP : Rasmus Andersson - PK : Michael Anderson, Jeff Petry
Penalty Shots
J.T. Miller, Matthew Tkachuk, Sebastian Aho, Logan Couture, Joel Eriksson Ek
Chicago Black Hawks
5 vs 5 Forward
Center Left Wing Right Wing Time % Phy DF OF
1 Patrice Bergeron Kevin Fiala Vincent Trocheck 30 1 2 2
2 Bo Horvat Barrett Hayton Jaden Schwartz 30 1 2 2
3 Morgan Frost Michael Rasmussen Cal Clutterbuck 25 1 2 2
4 Frederick Gaudreau Cole Perfetti Shane Pinto 15 1 2 2
5 vs 5 Defense
Defense Defense Time % Phy DF OF
1 Brent Burns Seth Jones 35 0 3 2
2 Morgan Rielly Devon Toews 35 0 3 2
3 Christopher Tanev Travis Sanheim 30 0 3 2
4 Brent Burns Seth Jones 0 0 4 1
PowerPlay Forward
Center Left Wing Right Wing Time % Phy DF OF
1 Bo Horvat Kevin Fiala Vincent Trocheck 50 0 0 5
2 Patrice Bergeron Barrett Hayton Frederick Gaudreau 50 0 0 5
PowerPlay Defense
Defense Defense Time % Phy DF OF
1 Brent Burns Seth Jones 50 0 0 5
2 Morgan Rielly Travis Sanheim 50 0 0 5
Penalty Kill 4 Players Forward
Center Wing Time % Phy DF OF
1 Frederick Gaudreau Cal Clutterbuck 50 0 5 0
2 Patrice Bergeron Michael Rasmussen 50 0 5 0
Penalty Kill 4 Players Defense
Defense Defense Time % Phy DF OF
1 Brent Burns Christopher Tanev 50 0 5 0
2 Seth Jones Morgan Rielly 50 0 5 0
Penalty Kill - 3 Players Forward
Forward Time % Phy DF OF
1 Frederick Gaudreau 50 0 5 0
2 Bo Horvat 50 0 5 0
Penalty Kill - 3 Players Defense
Defense Defense Time % Phy DF OF
1 Seth Jones Brent Burns 50 0 5 0
2 Christopher Tanev Devon Toews 50 0 5 0
4 vs 4 Forward
Center Wing Time % Phy DF OF
1 Vincent Trocheck Morgan Frost 50 1 2 2
2 Barrett Hayton Kevin Fiala 50 1 2 2
4 vs 4 Defense
Defense Defense Time % Phy DF OF
1 Brent Burns Travis Sanheim 50 0 3 2
2 Devon Toews Seth Jones 50 0 3 2
Last Minutes Offensive
Center Left Wing Right Wing Defense Defense
Patrice Bergeron Kevin Fiala Vincent Trocheck Brent Burns Seth Jones
Last Minutes Defensive
Center Left Wing Right Wing Defense Defense
Bo Horvat Michael Rasmussen Frederick Gaudreau Brent Burns Seth Jones
Goaltenders
Starting : Thatcher Demko
Backup : Jordan Binnington
Extra Forwards
Normal : Shane Pinto, Morgan Frost, Bo Horvat - PP : Shane Pinto, Morgan Frost - PK : Bo Horvat
Extra Defensemen
Normal : Christopher Tanev, Travis Sanheim, Morgan Rielly - PP : Christopher Tanev - PK : Travis Sanheim, Brent Burns
Penalty Shots
Frederick Gaudreau, Devon Toews, Barrett Hayton, Brent Burns, Bo Horvat
% Time on Ice - Calgary Flames
Lines # - Real PCT - Wanted PCT - Time Play
Normal Forward
1 - 30% - 31% - 13:13
2 - 27% - 30% - 12:11
3 - 27% - 29% - 12:03
4 - 16% - 10% - 7:07
Normal Defense
1 - 34% - 35% - 15:12
2 - 33% - 35% - 14:44
3 - 33% - 30% - 14:38
4 - 0% - 0% - 0:00
PP Forward
1 - 50% - 50% - 3:06
2 - 50% - 50% - 3:05
PP Defense
1 - 50% - 50% - 3:04
2 - 50% - 50% - 3:07
PK Forward
1 - 52% - 50% - 3:31
2 - 48% - 50% - 3:12
PK Defense
1 - 48% - 50% - 3:12
2 - 52% - 50% - 3:31
PK3 Forward
1 - 56% - 50% - 0:54
2 - 44% - 50% - 0:42
PK3 Defense
1 - 34% - 50% - 0:33
2 - 66% - 50% - 1:03
44 Forward
1 - 0% - 50%
2 - 0% - 50%
44 Defense
1 - 0% - 50%
2 - 0% - 50%
Last Minute Offensive - 0:56
Last Minute Defensive - 0:00
Total
Forward - 60:00
Defense - 60:00
|
% Time on Ice - Chicago Black Hawks
Lines # - Real PCT - Wanted PCT - Time Play
Normal Forward
1 - 27% - 30% - 12:13
2 - 27% - 30% - 11:58
3 - 26% - 25% - 11:23
4 - 20% - 15% - 9:00
Normal Defense
1 - 34% - 35% - 15:21
2 - 35% - 35% - 15:43
3 - 30% - 30% - 13:30
4 - 0% - 0% - 0:00
PP Forward
1 - 51% - 50% - 4:16
2 - 49% - 50% - 4:03
PP Defense
1 - 52% - 50% - 4:20
2 - 48% - 50% - 3:59
PK Forward
1 - 52% - 50% - 3:12
2 - 48% - 50% - 2:59
PK Defense
1 - 50% - 50% - 3:05
2 - 50% - 50% - 3:06
PK3 Forward
1 - 0% - 50%
2 - 0% - 50%
PK3 Defense
1 - 0% - 50%
2 - 0% - 50%
44 Forward
1 - 0% - 50%
2 - 0% - 50%
44 Defense
1 - 0% - 50%
2 - 0% - 50%
Last Minute Offensive - 0:00
Last Minute Defensive - 0:56
Total
Forward - 60:00
Defense - 60:00
|
Play-by-Play
1st period
0:01 of 1st period - Patrice Bergeron wins face-off versus J.T. Miller in neutral zone.
0:08 of 1st period - J.T. Miller is hit by Seth Jones and loses puck.
0:27 of 1st period - Drew Doughty is hit by Jaden Schwartz and loses puck.
0:34 of 1st period - Slapshot by Barrett Hayton.
0:34 of 1st period - Deflect By Bo Horvat.
0:34 of 1st period - Stopped by Samuel Montembeault with a rebound.
0:54 of 1st period - Snap shot by Timo Meier.
0:54 of 1st period - Shot Misses the Net.
0:56 of 1st period - Snap shot by Logan Couture.
0:56 of 1st period - Shot Misses the Net.
1:12 of 1st period - Snap shot by Nic Dowd.
1:12 of 1st period - Shot Misses the Net.
1:14 of 1st period - Wrist shot by Jacob Peterson.
1:14 of 1st period - Stopped by Thatcher Demko without a rebound.
1:15 of 1st period - Bo Horvat wins face-off versus J.T. Miller in Chicago Black Hawks zone.
1:42 of 1st period - Timo Meier is hit by Kevin Fiala and loses puck.
2:05 of 1st period - Joel Eriksson Ek is hit by Morgan Frost and loses puck.
2:18 of 1st period - Travis Sanheim is hit by Jeff Petry and loses puck.
2:27 of 1st period - Jeff Petry is hit by Christopher Tanev and loses puck.
2:46 of 1st period - Wrist shot by Sebastian Aho.
2:46 of 1st period - Shot Blocked by Frederick Gaudreau.
3:16 of 1st period - Wrist shot by Cole Perfetti.
3:16 of 1st period - Stopped by Samuel Montembeault with a rebound.
3:18 of 1st period - Snap shot by Cole Perfetti.
3:18 of 1st period - Goal by Cole Perfetti - Calgary Flames : 0 - Chicago Black Hawks : 1.
3:19 of 1st period - J.T. Miller wins face-off versus Patrice Bergeron in neutral zone.
3:33 of 1st period - Off-side.
3:34 of 1st period - Bo Horvat wins face-off versus Logan Couture in neutral zone.
3:48 of 1st period - Snap shot by Barrett Hayton.
3:48 of 1st period - Stopped by Samuel Montembeault with a rebound.
3:50 of 1st period - Slapshot by Seth Jones.
3:50 of 1st period - Stopped by Samuel Montembeault with a rebound.
3:56 of 1st period - Minor Penalty to Jeremy Lauzon for Holding.
3:57 of 1st period - Vincent Trocheck wins face-off versus Joel Eriksson Ek in Calgary Flames zone.
4:02 of 1st period - Slapshot by Kevin Fiala.
4:02 of 1st period - Stopped by Samuel Montembeault without a rebound.
4:03 of 1st period - Joel Eriksson Ek wins face-off versus Bo Horvat in Calgary Flames zone.
5:04 of 1st period - Snap shot by Patrice Bergeron.
5:04 of 1st period - Deflect By Barrett Hayton.
5:04 of 1st period - Stopped by Samuel Montembeault with a rebound.
5:14 of 1st period - Travis Sanheim is hit by Joel Eriksson Ek.
5:56 of 1st period - Penalty to Jeremy Lauzon is over, Jeremy Lauzon is back on ice.
6:31 of 1st period - Kris Letang is hit by Cal Clutterbuck and loses puck.
7:03 of 1st period - Jeff Petry is hit by Vincent Trocheck and loses puck.
8:22 of 1st period - Seth Jones is hit by J.T. Miller and loses puck.
8:51 of 1st period - Brent Burns is hit by Sebastian Aho and loses puck.
9:21 of 1st period - Snap shot by Barrett Hayton.
9:21 of 1st period - Shot Blocked by Michael Anderson.
9:39 of 1st period - Minor Penalty to Christopher Tanev for Delaying the game.
9:40 of 1st period - Patrice Bergeron wins face-off versus J.T. Miller in Chicago Black Hawks zone.
9:47 of 1st period - Slapshot by Seth Jones.
9:47 of 1st period - Shot Blocked by Valeri Nichushkin.
9:55 of 1st period - Wrist shot by Valeri Nichushkin.
9:55 of 1st period - Shot Misses the Net.
9:57 of 1st period - Wrist shot by J.T. Miller.
9:57 of 1st period - Shot Blocked by Morgan Rielly.
11:39 of 1st period - Penalty to Christopher Tanev is over, Christopher Tanev is back on ice.
11:50 of 1st period - Snap shot by Barrett Hayton.
11:50 of 1st period - Stopped by Samuel Montembeault with a rebound.
12:08 of 1st period - Slapshot by Logan Couture.
12:08 of 1st period - Deflect By Rafael Harvey-Pinard.
12:08 of 1st period - Shot Blocked by Travis Sanheim.
12:08 of 1st period - Puck is out of play.
12:09 of 1st period - Joel Eriksson Ek wins face-off versus Patrice Bergeron in Chicago Black Hawks zone.
12:54 of 1st period - Snap shot by Matthew Tkachuk.
12:54 of 1st period - Stopped by Thatcher Demko with a rebound.
12:56 of 1st period - Backhand shot by Drew Doughty.
12:56 of 1st period - Shot Misses the Net.
12:58 of 1st period - Slapshot by J.T. Miller.
12:58 of 1st period - Stopped by Thatcher Demko with a rebound.
13:00 of 1st period - Slapshot by Kris Letang.
13:00 of 1st period - Stopped by Thatcher Demko with a rebound.
13:27 of 1st period - Off-side.
13:28 of 1st period - Patrice Bergeron wins face-off versus Logan Couture in neutral zone.
13:30 of 1st period - Off-side.
13:31 of 1st period - Patrice Bergeron wins face-off versus Logan Couture in neutral zone.
13:53 of 1st period - Minor Penalty to Kevin Fiala for Holding Stick.
13:54 of 1st period - Sebastian Aho wins face-off versus Frederick Gaudreau in Chicago Black Hawks zone.
13:57 of 1st period - Wrist shot by Zach Hyman.
13:57 of 1st period - Stopped by Thatcher Demko without a rebound.
13:58 of 1st period - Frederick Gaudreau wins face-off versus Sebastian Aho in Chicago Black Hawks zone.
14:02 of 1st period - Off-side.
14:03 of 1st period - Sebastian Aho wins face-off versus Frederick Gaudreau in neutral zone.
14:15 of 1st period - Icing by Zach Hyman.
14:16 of 1st period - Sebastian Aho wins face-off versus Patrice Bergeron in Calgary Flames zone.
14:21 of 1st period - Wrist shot by Sebastian Aho.
14:21 of 1st period - Shot Misses the Net.
14:23 of 1st period - Wrist shot by Timo Meier.
14:23 of 1st period - Deflect By Patrice Bergeron.
14:23 of 1st period - Stopped by Thatcher Demko without a rebound.
14:24 of 1st period - Patrice Bergeron wins face-off versus J.T. Miller in Chicago Black Hawks zone.
15:53 of 1st period - Penalty to Kevin Fiala is over, Kevin Fiala is back on ice.
16:04 of 1st period - Mathieu Joseph is hit by Jaden Schwartz and loses puck.
16:27 of 1st period - Logan Couture is hit by Christopher Tanev and loses puck.
16:40 of 1st period - Wrist shot by Cole Perfetti.
16:40 of 1st period - Stopped by Samuel Montembeault with a rebound.
16:42 of 1st period - Slapshot by Travis Sanheim.
16:42 of 1st period - Deflect By Cole Perfetti.
16:42 of 1st period - Goal by Cole Perfetti - Calgary Flames : 0 - Chicago Black Hawks : 2.
16:43 of 1st period - J.T. Miller wins face-off versus Morgan Frost in neutral zone.
16:46 of 1st period - Wrist shot by Valeri Nichushkin.
16:46 of 1st period - Stopped by Thatcher Demko without a rebound.
16:47 of 1st period - Morgan Frost wins face-off versus J.T. Miller in Chicago Black Hawks zone.
16:51 of 1st period - Brent Burns is hit by Kris Letang and loses puck.
17:50 of 1st period - Snap shot by Cole Perfetti.
17:50 of 1st period - Deflect By Frederick Gaudreau.
17:50 of 1st period - Stopped by Samuel Montembeault with a rebound.
17:58 of 1st period - Minor Penalty to Kris Letang for Holding.
17:59 of 1st period - Patrice Bergeron wins face-off versus Nic Dowd in Calgary Flames zone.
18:30 of 1st period - Bo Horvat is hit by Nic Dowd and loses puck.
18:42 of 1st period - Off-side.
18:43 of 1st period - Joel Eriksson Ek wins face-off versus Patrice Bergeron in neutral zone.
19:06 of 1st period - Drew Doughty is hit by Vincent Trocheck and loses puck.
19:13 of 1st period - Slapshot by Kevin Fiala.
19:13 of 1st period - Stopped by Samuel Montembeault with a rebound.
19:58 of 1st period - Penalty to Kris Letang is over, Kris Letang is back on ice.
Goals for this period are 0 for Calgary Flames vs 2 for Chicago Black Hawks.
Shots for this period are 7 for Calgary Flames vs 12 for Chicago Black Hawks.
2nd period
0:01 of 2nd period - J.T. Miller wins face-off versus Bo Horvat in neutral zone.
1:00 of 2nd period - Snap shot by Michael Rasmussen.
1:00 of 2nd period - Shot Misses the Net.
1:18 of 2nd period - Backhand shot by Cole Perfetti.
1:18 of 2nd period - Shot Misses the Net.
1:20 of 2nd period - Wrist shot by Frederick Gaudreau.
1:20 of 2nd period - Shot Blocked by Jeff Petry.
1:48 of 2nd period - Wrist shot by Bo Horvat.
1:48 of 2nd period - Shot Misses the Net.
1:50 of 2nd period - Wrist shot by Barrett Hayton.
1:50 of 2nd period - Shot Blocked by Mathieu Joseph.
1:52 of 2nd period - Slapshot by Devon Toews.
1:52 of 2nd period - Shot Blocked by Rasmus Andersson.
2:06 of 2nd period - Slapshot by Timo Meier.
2:06 of 2nd period - Shot Blocked by Travis Sanheim.
2:28 of 2nd period - Snap shot by Joel Eriksson Ek.
2:28 of 2nd period - Stopped by Thatcher Demko with a rebound.
2:30 of 2nd period - Slapshot by Rasmus Andersson.
2:30 of 2nd period - Deflect By Joel Eriksson Ek.
2:30 of 2nd period - Shot Blocked by Travis Sanheim.
2:30 of 2nd period - Puck is out of play.
2:31 of 2nd period - Bo Horvat wins face-off versus J.T. Miller in Chicago Black Hawks zone.
2:31 of 2nd period - Bo Horvat is hit by Michael Anderson.
2:43 of 2nd period - Matthew Tkachuk is hit by Barrett Hayton and loses puck.
2:58 of 2nd period - Seth Jones is hit by Michael Anderson and loses puck.
3:21 of 2nd period - Wrist shot by Patrice Bergeron.
3:21 of 2nd period - Stopped by Samuel Montembeault with a rebound.
3:23 of 2nd period - Wrist shot by Morgan Frost.
3:23 of 2nd period - Shot Blocked by Drew Doughty.
3:25 of 2nd period - Snap shot by Cal Clutterbuck.
3:25 of 2nd period - Shot Blocked by Drew Doughty.
3:27 of 2nd period - Wrist shot by Cal Clutterbuck.
3:27 of 2nd period - Shot Hit the Post.
3:29 of 2nd period - Slapshot by Cal Clutterbuck.
3:29 of 2nd period - Stopped by Samuel Montembeault with a rebound.
3:33 of 2nd period - Snap shot by Morgan Frost.
3:33 of 2nd period - Shot Misses the Net.
3:47 of 2nd period - Snap shot by Cole Perfetti.
3:47 of 2nd period - Stopped by Samuel Montembeault without a rebound.
3:48 of 2nd period - Frederick Gaudreau wins face-off versus Valeri Nichushkin in Calgary Flames zone.
4:01 of 2nd period - Wrist shot by Matthew Tkachuk.
4:01 of 2nd period - Shot Hit the Post.
4:05 of 2nd period - Wrist shot by J.T. Miller.
4:05 of 2nd period - Stopped by Thatcher Demko with a rebound.
4:15 of 2nd period - Michael Anderson is hit by Kevin Fiala and loses puck.
4:26 of 2nd period - Snap shot by Zach Hyman.
4:26 of 2nd period - Stopped by Thatcher Demko without a rebound.
4:27 of 2nd period - Bo Horvat wins face-off versus J.T. Miller in Chicago Black Hawks zone.
4:54 of 2nd period - Matthew Tkachuk is hit by Michael Rasmussen and loses puck.
5:09 of 2nd period - Jeff Petry is hit by Seth Jones and loses puck.
5:59 of 2nd period - Snap shot by Cole Perfetti.
5:59 of 2nd period - Deflect By Shane Pinto.
5:59 of 2nd period - Shot Blocked by Nic Dowd.
5:59 of 2nd period - Puck is out of play.
6:00 of 2nd period - Nic Dowd wins face-off versus Frederick Gaudreau in Calgary Flames zone.
6:09 of 2nd period - Wrist shot by Jacob Peterson.
6:09 of 2nd period - Stopped by Thatcher Demko with a rebound.
6:22 of 2nd period - Icing by Mathieu Joseph.
6:23 of 2nd period - Vincent Trocheck wins face-off versus Logan Couture in Calgary Flames zone.
7:03 of 2nd period - Minor Penalty to Bo Horvat for Holding.
7:04 of 2nd period - Valeri Nichushkin wins face-off versus Patrice Bergeron in Chicago Black Hawks zone.
7:06 of 2nd period - Snap shot by Matthew Tkachuk.
7:06 of 2nd period - Stopped by Thatcher Demko with a rebound.
7:56 of 2nd period - Wrist shot by Patrice Bergeron.
7:56 of 2nd period - Shot Misses the Net.
9:03 of 2nd period - Penalty to Bo Horvat is over, Bo Horvat is back on ice.
9:18 of 2nd period - Barrett Hayton is hit by Joel Eriksson Ek and loses puck.
9:31 of 2nd period - Rafael Harvey-Pinard is hit by Vincent Trocheck and loses puck.
9:50 of 2nd period - Snap shot by Frederick Gaudreau.
9:50 of 2nd period - Stopped by Samuel Montembeault with a rebound.
10:09 of 2nd period - Off-side.
10:10 of 2nd period - Matthew Tkachuk wins face-off versus Patrice Bergeron in neutral zone.
10:19 of 2nd period - Wrist shot by Matthew Tkachuk.
10:19 of 2nd period - Stopped by Thatcher Demko with a rebound.
10:21 of 2nd period - Slapshot by Matthew Tkachuk.
10:21 of 2nd period - Deflect By Valeri Nichushkin.
10:21 of 2nd period - Shot Blocked by Christopher Tanev.
10:21 of 2nd period - Puck is out of play.
10:22 of 2nd period - Michael Rasmussen wins face-off versus Sebastian Aho in Chicago Black Hawks zone.
10:26 of 2nd period - Off-side.
10:27 of 2nd period - Sebastian Aho wins face-off versus Morgan Frost in neutral zone.
10:30 of 2nd period - Wrist shot by Joel Eriksson Ek.
10:30 of 2nd period - Deflect By Zach Hyman.
10:30 of 2nd period - Stopped by Thatcher Demko with a rebound.
10:56 of 2nd period - Snap shot by Morgan Frost.
10:56 of 2nd period - Shot Misses the Net.
10:58 of 2nd period - Slapshot by Morgan Frost.
10:58 of 2nd period - Stopped by Samuel Montembeault without a rebound.
10:59 of 2nd period - Jaden Schwartz wins face-off versus Logan Couture in Calgary Flames zone.
11:00 of 2nd period - Wrist shot by Barrett Hayton.
11:00 of 2nd period - Shot Blocked by Rafael Harvey-Pinard.
11:12 of 2nd period - Snap shot by Timo Meier.
11:12 of 2nd period - Stopped by Thatcher Demko with a rebound.
11:14 of 2nd period - Slapshot by Drew Doughty.
11:14 of 2nd period - Shot Blocked by Morgan Rielly.
11:16 of 2nd period - Snap shot by Timo Meier.
11:16 of 2nd period - Stopped by Thatcher Demko with a rebound.
11:37 of 2nd period - Off-side.
11:38 of 2nd period - Morgan Frost wins face-off versus Sebastian Aho in neutral zone.
11:43 of 2nd period - Wrist shot by Morgan Frost.
11:43 of 2nd period - Deflect By Michael Rasmussen.
11:43 of 2nd period - Stopped by Samuel Montembeault without a rebound.
11:44 of 2nd period - Morgan Frost wins face-off versus Sebastian Aho in Calgary Flames zone.
11:55 of 2nd period - Slapshot by Seth Jones.
11:55 of 2nd period - Stopped by Samuel Montembeault with a rebound.
11:57 of 2nd period - Snap shot by Michael Rasmussen.
11:57 of 2nd period - Shot Misses the Net.
12:15 of 2nd period - Snap shot by Bo Horvat.
12:15 of 2nd period - Stopped by Samuel Montembeault with a rebound.
12:17 of 2nd period - Slapshot by Brent Burns.
12:17 of 2nd period - Shot Blocked by Jeremy Lauzon.
12:43 of 2nd period - Snap shot by Frederick Gaudreau.
12:43 of 2nd period - Stopped by Samuel Montembeault with a rebound.
13:25 of 2nd period - Travis Sanheim is hit by Rasmus Andersson and loses puck.
14:12 of 2nd period - Wrist shot by Barrett Hayton.
14:12 of 2nd period - Stopped by Samuel Montembeault with a rebound.
14:55 of 2nd period - Minor Penalty to Rafael Harvey-Pinard for Hooking.
14:56 of 2nd period - Patrice Bergeron wins face-off versus Joel Eriksson Ek in Calgary Flames zone.
15:10 of 2nd period - Slapshot by Patrice Bergeron.
15:10 of 2nd period - Stopped by Samuel Montembeault with a rebound.
15:12 of 2nd period - Slapshot by Brent Burns.
15:12 of 2nd period - Stopped by Samuel Montembeault with a rebound.
15:18 of 2nd period - Minor Penalty to Jeff Petry for Hooking.
15:19 of 2nd period - J.T. Miller wins face-off versus Vincent Trocheck in Calgary Flames zone.
15:25 of 2nd period - Off-side.
15:26 of 2nd period - Bo Horvat wins face-off versus J.T. Miller in neutral zone.
15:29 of 2nd period - J.T. Miller is hit by Brent Burns and loses puck.
16:55 of 2nd period - Penalty to Rafael Harvey-Pinard is over, Rafael Harvey-Pinard is back on ice.
17:06 of 2nd period - Wrist shot by Rafael Harvey-Pinard.
17:06 of 2nd period - Stopped by Thatcher Demko with a rebound.
17:18 of 2nd period - Penalty to Jeff Petry is over, Jeff Petry is back on ice.
17:55 of 2nd period - Wrist shot by Rafael Harvey-Pinard.
17:55 of 2nd period - Stopped by Thatcher Demko without a rebound.
17:56 of 2nd period - J.T. Miller wins face-off versus Morgan Frost in Chicago Black Hawks zone.
17:59 of 2nd period - Snap shot by Valeri Nichushkin.
17:59 of 2nd period - Shot Misses the Net.
18:01 of 2nd period - Slapshot by Jeff Petry.
18:01 of 2nd period - Stopped by Thatcher Demko with a rebound.
18:03 of 2nd period - Slapshot by Michael Anderson.
18:03 of 2nd period - Stopped by Thatcher Demko with a rebound.
18:21 of 2nd period - Rasmus Andersson is hit by Seth Jones and loses puck.
18:42 of 2nd period - Barrett Hayton is hit by Jeremy Lauzon and loses puck.
19:24 of 2nd period - Wrist shot by Valeri Nichushkin.
19:24 of 2nd period - Shot Misses the Net.
19:30 of 2nd period - Slapshot by J.T. Miller.
19:30 of 2nd period - Shot Misses the Net.
19:40 of 2nd period - Jeremy Lauzon is hit by Cal Clutterbuck and loses puck.
Goals for this period are 0 for Calgary Flames vs 0 for Chicago Black Hawks.
Shots for this period are 13 for Calgary Flames vs 12 for Chicago Black Hawks.
3rd period
0:01 of 3rd period - Patrice Bergeron wins face-off versus Logan Couture in neutral zone.
0:26 of 3rd period - Rasmus Andersson is hit by Jaden Schwartz and loses puck.
0:35 of 3rd period - Slapshot by Jeff Petry.
0:35 of 3rd period - Shot Blocked by Brent Burns.
0:37 of 3rd period - Slapshot by Michael Anderson.
0:37 of 3rd period - Stopped by Thatcher Demko without a rebound.
0:38 of 3rd period - Kevin Fiala wins face-off versus J.T. Miller in Chicago Black Hawks zone.
0:54 of 3rd period - Minor Penalty to Matthew Tkachuk for Cross-checking.
0:55 of 3rd period - Bo Horvat wins face-off versus Nic Dowd in Calgary Flames zone.
2:54 of 3rd period - Penalty to Matthew Tkachuk is over, Matthew Tkachuk is back on ice.
3:06 of 3rd period - Wrist shot by Mathieu Joseph.
3:06 of 3rd period - Shot Misses the Net.
3:26 of 3rd period - Slapshot by Kris Letang.
3:26 of 3rd period - Shot Blocked by Michael Rasmussen.
3:28 of 3rd period - Slapshot by Drew Doughty.
3:28 of 3rd period - Stopped by Thatcher Demko with a rebound.
3:38 of 3rd period - Morgan Frost is hit by Matthew Tkachuk.
3:48 of 3rd period - Christopher Tanev is hit by Rafael Harvey-Pinard.
4:10 of 3rd period - Kevin Fiala is hit by Joel Eriksson Ek and loses puck.
4:51 of 3rd period - Rafael Harvey-Pinard is hit by Bo Horvat and loses puck.
5:10 of 3rd period - Drew Doughty is hit by Michael Rasmussen.
5:56 of 3rd period - Off-side.
5:57 of 3rd period - Patrice Bergeron wins face-off versus J.T. Miller in neutral zone.
6:06 of 3rd period - Slapshot by Vincent Trocheck.
6:06 of 3rd period - Deflect By Kevin Fiala.
6:06 of 3rd period - Shot Misses the Net.
6:06 of 3rd period - Puck is out of play.
6:07 of 3rd period - Logan Couture wins face-off versus Bo Horvat in Calgary Flames zone.
6:24 of 3rd period - Jaden Schwartz is hit by Jeremy Lauzon and loses puck.
6:31 of 3rd period - Bo Horvat is hit by Rafael Harvey-Pinard and loses puck.
6:36 of 3rd period - Wrist shot by Logan Couture.
6:36 of 3rd period - Goal by Logan Couture - Calgary Flames : 1 - Chicago Black Hawks : 2.
6:37 of 3rd period - Patrice Bergeron wins face-off versus Logan Couture in neutral zone.
6:40 of 3rd period - Logan Couture is hit by Vincent Trocheck and loses puck.
6:49 of 3rd period - Snap shot by Patrice Bergeron.
6:49 of 3rd period - Stopped by Samuel Montembeault with a rebound.
6:51 of 3rd period - Slapshot by Brent Burns.
6:51 of 3rd period - Shot Misses the Net.
6:53 of 3rd period - Slapshot by Kevin Fiala.
6:53 of 3rd period - Shot Misses the Net.
7:03 of 3rd period - Barrett Hayton is hit by Matthew Tkachuk and loses puck.
7:21 of 3rd period - Icing by Matthew Tkachuk.
7:22 of 3rd period - Morgan Frost wins face-off versus Sebastian Aho in Calgary Flames zone.
7:39 of 3rd period - Snap shot by Joel Eriksson Ek.
7:39 of 3rd period - Stopped by Thatcher Demko with a rebound.
7:54 of 3rd period - Wrist shot by Kris Letang.
7:54 of 3rd period - Deflect By Logan Couture.
7:54 of 3rd period - Stopped by Thatcher Demko with a rebound.
8:15 of 3rd period - Wrist shot by Jacob Peterson.
8:15 of 3rd period - Stopped by Thatcher Demko with a rebound.
8:17 of 3rd period - Wrist shot by Drew Doughty.
8:17 of 3rd period - Deflect By Jacob Peterson.
8:17 of 3rd period - Stopped by Thatcher Demko with a rebound.
8:19 of 3rd period - Slapshot by Drew Doughty.
8:19 of 3rd period - Shot Misses the Net.
8:21 of 3rd period - Wrist shot by Jacob Peterson.
8:21 of 3rd period - Shot Misses the Net.
8:23 of 3rd period - Slapshot by Kris Letang.
8:23 of 3rd period - Shot Misses the Net.
8:45 of 3rd period - Slapshot by Barrett Hayton.
8:45 of 3rd period - Stopped by Samuel Montembeault with a rebound.
11:39 of 3rd period - Wrist shot by Cole Perfetti.
11:39 of 3rd period - Shot Misses the Net.
11:41 of 3rd period - Slapshot by Cole Perfetti.
11:41 of 3rd period - Stopped by Samuel Montembeault with a rebound.
11:43 of 3rd period - Slapshot by Seth Jones.
11:43 of 3rd period - Stopped by Samuel Montembeault with a rebound.
12:44 of 3rd period - Kevin Fiala is hit by Logan Couture and loses puck.
13:27 of 3rd period - Jeff Petry is hit by Christopher Tanev and loses puck.
13:56 of 3rd period - Slapshot by Morgan Frost.
13:56 of 3rd period - Stopped by Samuel Montembeault with a rebound.
14:15 of 3rd period - Slapshot by Bo Horvat.
14:15 of 3rd period - Deflect By Matthew Tkachuk.
14:15 of 3rd period - Shot Blocked by Jeremy Lauzon.
14:15 of 3rd period - Puck is out of play.
14:16 of 3rd period - Bo Horvat wins face-off versus Sebastian Aho in Calgary Flames zone.
14:41 of 3rd period - Zach Hyman is hit by Vincent Trocheck and loses puck.
15:40 of 3rd period - Minor Penalty to Travis Sanheim for Cross-checking.
15:41 of 3rd period - J.T. Miller wins face-off versus Frederick Gaudreau in Chicago Black Hawks zone.
15:54 of 3rd period - Snap shot by Matthew Tkachuk.
15:54 of 3rd period - Goal by Matthew Tkachuk - Calgary Flames : 2 - Chicago Black Hawks : 2.
15:55 of 3rd period - Morgan Frost wins face-off versus Logan Couture in neutral zone.
16:26 of 3rd period - J.T. Miller is hit by Brent Burns and loses puck.
17:59 of 3rd period - Slapshot by Matthew Tkachuk.
17:59 of 3rd period - Stopped by Thatcher Demko with a rebound.
19:01 of 3rd period - Slapshot by Cole Perfetti.
19:01 of 3rd period - Shot Misses the Net.
19:03 of 3rd period - Wrist shot by Frederick Gaudreau.
19:03 of 3rd period - Goal by Frederick Gaudreau - Calgary Flames : 2 - Chicago Black Hawks : 3.
19:04 of 3rd period - Bo Horvat wins face-off versus J.T. Miller in neutral zone.
19:27 of 3rd period - Calgary Flames, Samuel Montembeault is pulled from the net.
19:45 of 3rd period - Brent Burns is hit by Matthew Tkachuk and loses puck.
Goals for this period are 2 for Calgary Flames vs 1 for Chicago Black Hawks.
Shots for this period are 9 for Calgary Flames vs 6 for Chicago Black Hawks.
Back to the Top